 Dungeon Crawl Stone Soup version 0.31-a0-667-g39726597b9 (webtiles) character file.

Game seed: 6667751799444953992

13837 GordonOverkill the Stormcaller (level 12, -2/75 HPs)
             Began as a Tengu Delver on Sept 4, 2023.
             Was a Follower of Sif Muna.
             Slain by a komodo dragon (20 damage)
             ... on level 1 of the Lair of Beasts.
             The game lasted 00:31:10 (18619 turns).

GordonOverkill the Stormcaller (Tengu Delver)      Turns: 18619, Time: 00:31:11

Health: -2/75      AC: 10    Str: 14    XL:     12   Next: 10%
Magic:  1/27       EV: 16    Int: 14    God:    Sif Muna [*.....]
Gold:   627        SH:  0    Dex: 16    Spells: 24/31 levels left

rFire   + . .        C - +2 trident (venom)
rCold   + . .        (no shield)
rNeg    + . .        D - +3 steam dragon scales
rPois   .            G - +2 hat
rElec   .            t - scarf {rC+ rF+}
rCorr   .            (no gloves)
SInv    .            (boots unavailable)
Will    .....        (no amulet)
Stlth   +++          v - ring of positive energy
HPRegen 0.32/turn    (no ring)
MPRegen 0.20/turn

%: acrobat
@: flying
A: beak, talons 3, evasive flight, acrobatic
a: Renounce Religion, Channel Magic


You were on level 1 of the Lair of Beasts.
You worshipped Sif Muna.
Sif Muna was aware of your devotion.
You visited 3 branches of the dungeon, and saw 12 of its levels.

You collected 792 gold pieces.
You spent 165 gold pieces at shops.

Inventory:

Hand Weapons
 m - the +2 dagger of Tozxoac {venom, Will++ Int-3 SInv}
   (You found it on level 4 of the Dungeon)

   Int-3:     It affects your intelligence (-3).
   Will++:    It greatly increases your willpower.
   SInv:      It lets you see invisible.
 C - a +2 trident of venom (weapon)
Missiles
 l - 4 boomerangs (quivered)
 A - 7 curare-tipped darts
Armour
 a - a +2 leather armour of fire resistance
 t - a scarf of resistance (worn)
 y - a +1 robe of willpower
 D - +3 steam dragon scales (worn)
 G - a +2 hat (worn)
Magical Staves
 e - a staff of conjuration
Jewellery
 p - a ring of fire
 v - a ring of positive energy (left hand)
 F - a ring of positive energy
 I - a ring of willpower
Wands
 f - a wand of flame (35)
 g - a wand of digging (1)
 E - a wand of charming (10)
 J - a wand of acid (3)
Scrolls
 c - a scroll of fog
 d - 3 scrolls of revelation
 i - a scroll of noise
 j - a scroll of teleportation
 n - 6 scrolls of vulnerability
 o - 2 scrolls of immolation
 s - 2 scrolls of poison
 u - a scroll of torment {unknown}
 w - 2 scrolls of silence {unknown}
Potions
 b - a potion of resistance
 k - 2 potions of mutation
 q - a potion of enlightenment
 r - 3 potions of heal wounds
 x - 3 potions of curing
 z - a potion of ambrosia {unknown}
 B - a potion of lignification {unknown}
 H - a potion of brilliance {unknown}
 K - 2 potions of might {unknown}


   Skills:
 + Level 8.4 Fighting
 - Level 3.0 Polearms
 - Level 2.1 Dodging
 - Level 5.0 Stealth
 - Level 10.0 Spellcasting
 - Level 16.0 Air Magic
 - Level 5.0 Invocations


You had 24 spell levels left.
You knew the following spells:

 Your Spells              Type           Power      Damage    Failure   Level
a - Airstrike             Air            25%        2d(4-20)  1%          4
b - Swiftness             Air            51%        N/A       1%          3

Your spell library contained the following spells:

 Spells                   Type           Power      Damage    Failure   Level
 Shock                    Conj/Air       100%       1d9       1%          1
 Slow                     Hex            28%        N/A       11%         1
 Blink                    Tloc           14%        N/A       16%         2
 Ensorcelled Hibernation  Hex/Ice        14%        N/A       16%         2
 Frozen Ramparts          Ice            14%        1d3       30%         3
 Hailstorm                Conj/Ice       7%         3d4       30%         3
 Volatile Blastmotes      Fire/Tloc      14%        2d11      30%         3
 Anguish                  Hex/Necr       3%         N/A       71%         4
 Fulminant Prism          Conj/Hex       3%         3d5       71%         4
 Iskenderun's Mystic Bla  Conj/Tloc      7%         2d4       71%         4
 Manifold Assault         Tloc           7%         N/A       71%         4
 Petrify                  Tmut/Erth      7%         N/A       71%         4
 Metabolic Englaciation   Hex/Ice        3%         N/A       96%         5
 Summon Mana Viper        Hex/Summ       7%         N/A       96%         5
 Starburst                Conj/Fire      3%         6d3       100%        6
 Ozocubu's Refrigeration  Ice            3%         4d8       100%        7
 Spellforged Servitor     Conj/Summ      3%         N/A       100%        7


Dungeon Overview and Level Annotations

Branches:
Dungeon (10/15)            Temple (1/1) D:6            Lair (1/5) D:10
    Orc (0/2) D:10

Altars:
Ashenzari
Cheibriados
Dithmenos
Elyvilon
Fedhas
Gozag
Hepliaklqana
Kikubaaqudgha
Makhleb
Nemelex Xobeh
Okawaru
Qazlal
Ru
Sif Muna
Trog
Uskayaw
Vehumet
Wu Jian
Xom
Yredelemnul
Zin
The Shining One

Shops:
D:1 [   D:2 [   D:4 =

Annotations:
D:4 1 runed translucent door, Crazy Yiuf
D:8 Jeremiah
D:9 1 exclusion


Innate Abilities, Weirdness & Mutations

You have a beak for a mouth.
You have claws for feet.
Your magical flight helps you evade attacks. (EV +4)
You can magically evade attacks while moving or waiting.


Message History

The komodo dragon is severely wounded.
The komodo dragon bites you but does no damage.
Casting: Airstrike (safe; 1% risk of failure)
Confirm with . or Enter, or press ? or * to list all spells.
You don't have enough magic to cast this spell.
The bullfrog gives a loud, deep croak!
You hit the komodo dragon.
The komodo dragon is poisoned.
You claw the komodo dragon, but do no damage.
You peck the komodo dragon.
The komodo dragon is severely wounded.
The komodo dragon misses you.
You hit the komodo dragon but do no damage.
You claw the komodo dragon, but do no damage.
Your peck misses the komodo dragon.
The komodo dragon is severely wounded.
The komodo dragon bites you!!
* * * LOW HITPOINT WARNING * * *
You miss the bullfrog. The bullfrog closely misses you.
The komodo dragon closely misses you. The bullfrog barely misses you.
The komodo dragon attacks as it pursues you!
The komodo dragon barely misses you. The bullfrog barely misses you.
The bullfrog completely misses you.
The komodo dragon attacks as it pursues you!
The komodo dragon bites you!
* * * LOW HITPOINT WARNING * * *
The bullfrog closely misses you.
You see here a wolf corpse.
Okay, then.
You feel much better. The bullfrog hits you.
* * * LOW HITPOINT WARNING * * *
The komodo dragon bites you!
* * * LOW HITPOINT WARNING * * *
Casting: Airstrike (safe; 1% risk of failure)
Confirm with . or Enter, or press ? or * to list all spells.
Aiming: Airstrike (safe; 1% risk of failure)
Press: ? - help, Dir - move target, f/p - komodo dragon
Aim: a komodo dragon (almost dead, poisoned, empty space bonus: 3/8)
The air twists around and strikes the komodo dragon but does no damage.
The bullfrog closely misses you. The komodo dragon bites you!!
You die...

#..##..........
##.####.........
#..# #.<......#
##.## #.......##
#..# ##.†....#
##.## #......# #..#
##...†.# ####lF#
#.....# #.#.@##
.....# ###...###
.....## #.#..P.^#.#
#..... #.......#
#....#. ##........#
#....!.
#.......)..#
#...... .#.
##..........#
##.....
....###..#.........
##F.....
#......#####.....
##F#....#


You could see a komodo dragon (poisoned) and a bullfrog.

Vanquished Creatures
  Erica (D:8)
  5 two-headed ogres
  Pikel (D:8)
  2 deep elf pyromancers (D:10)
  A deep elf zephyrmancer (D:10)
  An elephant (D:9)
  Psyche (D:8)
  2 cane toads (Lair:1)
  An unseen horror (D:10)
  A rime drake (Lair:1)
  Maggie (D:8)
  2 trolls
  A hornet (D:9)
  A vampire (D:10)
  4 wyverns
  2 basilisks (Lair:1)
  4 yaks (D:9)
  A water moccasin (Lair:1)
  An ice beast (D:7)
  4 orc warriors
  4 black bears
  3 centaurs
  An ogre (D:4)
  5 wolves (Lair:1)
  3 lemures (D:8)
  2 phantoms
  6 kobold brigands
  A gnoll sergeant (D:10)
  4 scorpions
  6 bullfrogs
  3 wights (D:9)
  Dowan (D:4)
  3 killer bees (D:8)
  4 howler monkeys
  3 jellies
  6 orc priests
  A gnoll bouda (D:5)
  3 hounds (D:6)
  A sleepcap (D:6)
  Jessica (D:3)
  6 orc wizards
  Natasha (thrice) (D:4)
  3 iguanas
  12 gnolls
  9 adders
  A shadow imp (D:6)
  3 white imps
  A worm (D:2)
  4 dart slugs
  27 orcs
  5 endoplasms
  2 giant cockroaches
  9 hobgoblins
  15 jackals
  4 quokkas
  12 ball pythons
  11 bats
  4 frilled lizards
  4 goblins
  24 kobolds
  9 rats
266 creatures vanquished.

Vanquished Creatures (collateral kills)
  Duvessa (D:4)
1 creature vanquished.

Grand Total: 267 creatures vanquished

Notes
Turn   | Place    | Note
-------+----------+-------------------------------------------
     0 | D:5      | GordonOverkill the Tengu Delver began the quest for the
                  | Orb.
     0 | D:5      | Reached XP level 1. HP: 14/14 MP: 2/2
    10 | D:6      | Noticed an iguana
    10 | D:6      | Noticed a hound
    41 | D:5      | Noticed a phantom
   373 | D:4      | Reached XP level 2. HP: 19/19 MP: 3/3
   412 | D:4      | Reached skill level 1 in Spellcasting
   448 | D:3      | Reached XP level 3. HP: 23/23 MP: 4/6
   556 | D:3      | Noticed Jessica
   727 | D:3      | Killed Jessica
   728 | D:3      | Reached skill level 2 in Air Magic
   728 | D:3      | Reached XP level 4. HP: 28/28 MP: 8/8
   735 | D:3      | Learned a level 4 spell: Airstrike
   788 | D:3      | Reached skill level 3 in Air Magic
  1002 | D:1      | Reached skill level 4 in Air Magic
  1203 | D:1      | Reached XP level 5. HP: 32/32 MP: 9/9
  1260 | D:1      | Found Qaiviosi's Antique Armour Shoppe.
  1762 | D:2      | Reached skill level 5 in Air Magic
  1818 | D:2      | Found Reurisur's Armour Boutique.
  1958 | D:2      | Found a faded altar of an unknown god.
  3013 | D:4      | Noticed Duvessa
  3013 | D:4      | Noticed Dowan
  3104 | D:4      | Found Nulupod's Jewellery Shoppe.
  3275 | D:4      | Noticed an ogre
  3376 | D:4      | Killed Dowan
  3377 | D:4      | Reached skill level 6 in Air Magic
  3377 | D:4      | Reached XP level 6. HP: 31/37 MP: 1/10
  3784 | D:5      | Reached skill level 7 in Air Magic
  3864 | D:5      | HP: 1/37 [poisoned by a scorpion]
  4120 | D:4      | Killed Duvessa
  4121 | D:4      | Reached skill level 8 in Air Magic
  4121 | D:4      | Gained mutation: Your magical flight helps you evade
                  | attacks. (EV +4) [Tengu growth]
  4121 | D:4      | Reached XP level 7. HP: 41/41 MP: 11/11
  4348 | D:4      | Reached skill level 9 in Air Magic
  4520 | D:4      | Found a runed translucent door.
  4521 | D:4      | Noticed Crazy Yiuf
  4579 | D:4      | Noticed Natasha
  4581 | D:4      | Killed Natasha
  4761 | D:4      | Identified the +2 dagger of Tozxoac {venom, Will++ Int-3
                  | SInv}
  4883 | D:4      | Noticed Natasha
  4884 | D:4      | Killed Natasha
  5115 | D:4      | Found Nulupod's Jewellery Shoppe.
  5117 | D:4      | Noticed Natasha
  5121 | D:4      | Killed Natasha
  5995 | D:6      | Reached skill level 10 in Air Magic
  6314 | D:5      | Reached XP level 8. HP: 46/46 MP: 3/12
  6849 | D:5      | Reached skill level 11 in Air Magic
  8860 | D:6      | Found a staircase to the Ecumenical Temple.
  8883 | Temple   | Entered the Ecumenical Temple
  8905 | Temple   | Became a worshipper of Sif Muna the Loreminder
  9075 | D:6      | Reached skill level 5 in Spellcasting
  9194 | D:6      | Noticed a troll
  9197 | D:6      | Killed a troll
  9198 | D:6      | Reached XP level 9. HP: 50/50 MP: 4/19
  9364 | D:6      | Found the +18 Lear's hauberk
  9789 | D:7      | Reached skill level 1 in Invocations
 10190 | D:7      | Found a white marble altar of Elyvilon.
 10330 | D:7      | Reached skill level 12 in Air Magic
 10334 | D:7      | Learned a level 3 spell: Swiftness
 11000 | D:8      | Noticed Jeremiah
 11037 | D:8      | Noticed Erica
 11041 | D:8      | Killed Erica
 11042 | D:8      | Reached skill level 5 in Invocations
 11325 | D:2      | Bought a +1 robe of willpower for 165 gold pieces
 11832 | D:8      | Reached skill level 5 in Fighting
 11957 | D:8      | Reached XP level 10. HP: 59/59 MP: 7/20
 12382 | D:8      | Noticed Pikel
 12389 | D:8      | Killed Pikel
 12979 | D:8      | Reached skill level 13 in Air Magic
 13310 | D:8      | Noticed Psyche
 13313 | D:8      | Killed Psyche
 13351 | D:8      | Noticed Maggie
 13545 | D:8      | Killed Maggie
 13775 | D:9      | Noticed a two-headed ogre
 13783 | D:9      | Killed a two-headed ogre
 15039 | D:9      | Reached skill level 14 in Air Magic
 15196 | D:9      | Reached XP level 11. HP: 64/64 MP: 1/24
 15294 | D:9      | Reached * piety under Sif Muna
 15578 | D:10     | Entered Level 10 of the Dungeon
 15590 | D:10     | Found a staircase to the Lair.
 15590 | D:10     | Noticed a two-headed ogre
 15619 | D:9      | Killed a two-headed ogre
 15803 | D:10     | Noticed a two-headed ogre
 15936 | D:10     | Killed a two-headed ogre
 16049 | D:10     | Noticed a deep elf pyromancer
 16052 | D:10     | Killed a deep elf pyromancer
 16120 | D:9      | Reached skill level 10 in Spellcasting
 16442 | D:10     | Noticed a deep elf pyromancer
 16444 | D:10     | Noticed a deep elf zephyrmancer
 16446 | D:10     | Killed a deep elf pyromancer
 16452 | D:10     | Noticed a deep elf zephyrmancer
 16454 | D:10     | Killed a deep elf zephyrmancer
 16569 | D:10     | Got the Elucidation of Sand
 16577 | D:10     | Got Ts'ui Pên's Spellbook of Forking Paths
 16631 | D:10     | Noticed a two-headed ogre
 16635 | D:10     | Killed a two-headed ogre
 16813 | D:10     | Got Sif Muna's Parchment of Axaxaxas mlö
 16857 | D:10     | Noticed a two-headed ogre
 16862 | D:10     | Killed a two-headed ogre
 17147 | D:10     | Found a staircase to the Orcish Mines.
 17908 | D:10     | Reached skill level 15 in Air Magic
 18161 | Lair:1   | Entered Level 1 of the Lair of Beasts
 18441 | Lair:1   | Found a gate leading to a gauntlet.
 18492 | Lair:1   | Reached XP level 12. HP: 20/73 MP: 13/27
 18556 | Lair:1   | Reached skill level 16 in Air Magic
 18570 | Lair:1   | Reached ** piety under Sif Muna
 18619 | Lair:1   | Slain by a komodo dragon

Illustrated notes

Levels and vault maps discovered:
D:1:      dpeg_arrival_boxes_within_box, layout_basic, serial_shops,
          nicolae_shop_waterfront, serial_rivers, chequers_serial_rivers_marsh,
          chequers_serial_rivers_small_a, chequers_serial_rivers_large_a,
          chequers_serial_rivers_small_a
D:2:      layout_loops_cross, serial_shops, shop,
          shapermc_ecumenical_altar_flowoftime
D:3:      layout_loops_ring, serial_bayou_pond_b, uniq_jessica
D:4:      layout_cave_pools, serial_shops, nicolae_shop_tiny_glass,
          uniq_duvessa, uniq_natasha, uniq_crazy_yiuf_cottage
D:5:      layout_basic
D:6:      layout_cave_pools, minmay_temple_entry_arrows, st_stairs_9,
          chequers_serial_rivers_micro_c, hellmonk_guarded_unrand_lears
D:7:      layout_basic, mainiacjoe_overflow_tiny_flanked
D:8:      layout_basic, blue_anna_alchemist, uniq_erica, uniq_psyche,
          uniq_pikel, uniq_maggie, uniq_jeremiah
D:9:      layout_basic, hex_medium
D:10:     layout_roguey, david_lair_generic, minmay_orc_entry_temple_small,
          bh_hangedman_babel_library
Temple:   mainiacjoe_temple_circle_huts
Lair:1:   layout_cave_pods, gauntlet_entry_generic

Skill      XL: |  1  2  3  4  5  6  7  8  9 10 11 12 |
---------------+-------------------------------------+-----
Polearms       | 3 |  3.0
Spellcasting   | 1 2 6 8 10 | 10.0
Air Magic      | 2 4 6 8 10 11 12 14 15 16 | 16.0
Invocations    | 5 |  5.0
Fighting       | 5 6 8 |  8.4
Dodging        | |  2.1
Stealth        | |  5.0

Action                     |  1- 3 |  4- 6 |  7- 9 | 10-12 || total
---------------------------+-------+-------+-------+-------++-------
  Melee: Spear             |    58 |   232 |    39 |       ||   329
         Peck              |     9 |    21 |     7 |    30 ||    67
         Kick              |    10 |    43 |    15 |    30 ||    98
         Trident           |       |       |     6 |    94 ||   100
         Punch             |       |       |     2 |     1 ||     3
  Throw: Boomerang         |       |     1 |       |       ||     1
   Cast: Airstrike         |       |     8 |   123 |   204 ||   335
 Invoke: Channel Magic     |       |       |       |     3 ||     3
  Evoke: Wand              |       |       |       |     3 ||     3
    Use: Potion            |     1 |     4 |       |     2 ||     7
         Scroll            |       |     7 |     8 |     7 ||    22
   Stab: Sleeping          |     5 |    20 |       |       ||    25
         Invisible         |       |     3 |       |       ||     3
 Armour: Leather armour    |    11 |    42 |     9 |       ||    62
         Robe              |       |    34 |    17 |     5 ||    56
         Steam dragon scal |       |       |       |   117 ||   117
  Dodge: Dodged            |    22 |   136 |    62 |   163 ||   383

Table legend: (Time is in decaauts)
 A = Elapsed time spent in this place.
 B = Non-inter-level travel time spent in this place.
 C = Inter-level travel time spent in this place.
 D = Time resting spent in this place.
 E = Time spent auto-exploring this place.
 F = Levels seen in this place.
 G = Mean time per level.
                   A        B        C        D        E       F      G
               +--------+--------+--------+--------+--------+-----+--------+
         Total |  18630 |  17176 |   1454 |   7609 |   6458 |  12 | 1552.5 |
       Dungeon |  18122 |  16710 |   1412 |   7435 |   6318 |  10 | 1812.2 |
        Temple |     44 |      2 |     42 |      0 |      0 |   1 |   44.0 |
          Lair |    463 |    463 |      0 |    174 |    140 |   1 |  463.0 |
               +--------+--------+--------+--------+--------+-----+--------+

Top non-repeatable levels by time:
     D:5: 3493 daAuts
     D:9: 2458 daAuts
     D:8: 2381 daAuts
     D:4: 2023 daAuts
    D:10: 1734 daAuts
     D:7: 1683 daAuts
     D:6: 1539 daAuts
     D:3: 1272 daAuts
     D:2: 835 daAuts
     D:1: 702 daAuts
  Lair:1: 463 daAuts
  Temple: 44 daAuts
